 Dungeon Crawl Stone Soup version 0.29.1-1-gd02db6906a (webtiles) character file.

Game seed: 4204271583466856685

1096 lonewolfV2 the Covered (level 8, -8/71 HPs)
             Began as a Minotaur Fighter on Oct 20, 2022.
             Was a Follower of Okawaru.
             Mangled by a gnoll
             ... wielding a +0 halberd
             ... led by a gnoll sergeant
              (11 damage)
             ... on level 6 of the Dungeon.
             The game lasted 00:06:56 (5778 turns).

lonewolfV2 the Covered (Minotaur Fighter)           Turns: 5778, Time: 00:06:57

Health: -8/71      AC:  7    Str: 23    XL:     8   Next: 10%
Magic:  7/7        EV:  9    Int:  5    God:    Okawaru [*.....]
Gold:   384        SH: 10    Dex: 10    Spells: 7/7 levels left

rFire   . . .      SeeInvis .   a - +0 long sword
rCold   . . .      Faith    .   c - +0 buckler
rNeg    . . .      Spirit   .   b - +0 scale mail
rPois   .          Reflect  +   (helmet restricted)
rElec   .          Harm     .   (no cloak)
rCorr   .          Rampage  .   (no gloves)
Will    .....                   (no boots)
Stlth   ..........              k - amulet of reflection
HPRegen 0.21/turn               (no ring)
MPRegen 0.10/turn               (no ring)

@: no status effects
A: horns 2, retaliatory headbutt
a: Renounce Religion, Heroism


You were on level 6 of the Dungeon.
You worshipped Okawaru.
Okawaru was aware of your devotion.
You visited 2 branches of the dungeon, and saw 7 of its levels.

You collected 384 gold pieces.

Inventory:

Hand Weapons
 a - a +0 long sword (weapon)
Armour
 b - a +0 scale mail (worn)
 c - a +0 buckler (worn)
Jewellery
 k - an amulet of reflection (around neck)
 p - a ring of fire
Scrolls
 g - 5 scrolls of teleportation
 n - a scroll of amnesia
 r - 2 scrolls of magic mapping
 t - a scroll of vulnerability
 u - a scroll of summoning
Potions
 d - 2 potions of berserk rage
 e - a potion of degeneration
 f - a potion of mutation {unknown}
 h - a potion of magic {unknown}
 j - a potion of attraction {unknown}
 l - a potion of cancellation {unknown}
 q - a potion of heal wounds


   Skills:
 + Level 6.7 Fighting
 + Level 6.1 Long Blades
 + Level 6.8 Armour
 + Level 6.7 Shields


You had 7 spell levels left.
You didn't know any spells.
Your spell library contained the following spells:

 Spells                   Type           Power      Damage    Failure   Level
 Static Discharge         Conj/Air       0%         3-3/arc   93%         2
 Dispel Undead            Necr           0%         3d6       100%        4
 Sticky Flame             Conj/Fire      0%         2d3       100%        4


Dungeon Overview and Level Annotations

Branches:
Dungeon (6/15)             Temple (1/1) D:4

Altars:
Ashenzari
Cheibriados
Elyvilon
Fedhas
Gozag
Hepliaklqana
Kikubaaqudgha
Nemelex Xobeh
Okawaru
Ru
Sif Muna
Trog
Uskayaw
Vehumet
Wu Jian
Xom
The Shining One

Shops:
D:2 =?*=   D:4 [   D:5 =


Innate Abilities, Weirdness & Mutations

You have a pair of horns on your head.
You reflexively headbutt those who attack you in melee.


Message History

You closely miss the orc. You block the orc's attack.
The gnoll barely misses you.
You barely miss the orc. You block the orc's attack.
The gnoll barely misses you.
You completely miss the orc.
The gnoll hits you from afar with a +0 spear.
* * * LOW HITPOINT WARNING * * *
The orc hits you with a +0 mace.
* * * LOW HITPOINT WARNING * * *
You feel much better. You block the orc's attack. You block the gnoll's attack.
The gnoll hits you with a +0 spear.
Things that are here:
a +0 whip; a +0 spear; a gnoll corpse The orc attacks as you move away!
You block the orc's attack.
A gnoll comes into view. It is wielding a +0 spear.
The gnoll shouts!
You slash the black bear!
You headbutt the black bear, but do no damage.
The black bear is moderately wounded.
You hear a shout!
You block the gnoll's attack.
The gnoll hits you from afar with a +0 halberd.
You block the gnoll's attack. The black bear bites you.
The black bear claws you.
* * * LOW HITPOINT WARNING * * *
The black bear claws you but does no damage.
You closely miss the orc. The orc closely misses you.
The orc hits you with a +0 hand axe.
* * * LOW HITPOINT WARNING * * *
The gnoll barely misses you.
The gnoll hits you from afar with a +0 halberd!
* * * LOW HITPOINT WARNING * * *
The gnoll hits you from afar with a +0 spear.
* * * LOW HITPOINT WARNING * * *
The black bear bites you!
* * * LOW HITPOINT WARNING * * *
The black bear misses you. The black bear barely misses you.
You block the gnoll's attack.
The gnoll hits you from afar with a +0 halberd!
You die...

..(.. ......
..#.# ###.#.#
####.$.#.# #
......#l#:# ..
..##..#o#.# ...
.....g#o#.##.#..
.....gh@o...g..#
......#g......#.
......#.<.....#
..... #†.....##
..... #......#
#### ..#.#..#
#.##.....# ..
....... ..#
#..###.


You could see an orc warrior, a black bear, an iguana, 4 gnolls and 2 orcs.

Vanquished Creatures
  An ice beast (D:3)
  2 ogres
  A phantom (D:5)
  A bullfrog (D:6)
  A gnoll sergeant (D:6)
  3 scorpions
  A necrophage (D:5)
  3 hounds
  A jelly (D:5)
  2 orc priests
  2 iguanas (D:5)
  Terence (D:2)
  3 gnolls (D:6)
  4 adders
  3 dart slugs
  10 orcs
  3 ball pythons
  4 endoplasms
  3 giant cockroaches
  8 goblins
  15 hobgoblins
  6 jackals (D:1)
  4 quokkas
  5 bats
  5 frilled lizards
  6 kobolds
  4 rats (D:3)
102 creatures vanquished.

Vanquished Creatures (others)
  A plant (D:1)
1 creature vanquished.

Grand Total: 103 creatures vanquished

Notes
Turn   | Place    | Note
-------+----------+-------------------------------------------
     0 | D:1      | lonewolfV2 the Minotaur Fighter began the quest for the
                  | Orb.
     0 | D:1      | Reached XP level 1. HP: 19/19 MP: 0/0
   270 | D:1      | Reached XP level 2. HP: 23/27 MP: 1/1
   646 | D:1      | Reached XP level 3. HP: 33/33 MP: 2/2
  1140 | D:2      | Found Haimomez's Magic Scroll Shoppe.
  1140 | D:2      | Found Zuipsux's Jewellery Shop.
  1218 | D:2      | Found Siuchoyl's General Store.
  1356 | D:2      | Found an ornate altar of the Wu Jian Council.
  1487 | D:2      | Found a faded altar of an unknown god.
  1575 | D:2      | Noticed Terence
  1586 | D:2      | Killed Terence
  1587 | D:2      | Reached XP level 4. HP: 28/41 MP: 3/3
  1983 | D:2      | Found Tiessio's Jewellery Shop.
  2499 | D:3      | Noticed an ice beast
  2512 | D:3      | Killed an ice beast
  2513 | D:3      | Reached XP level 5. HP: 47/47 MP: 4/4
  2521 | D:3      | Reached skill level 5 in Armour
  2564 | D:3      | You fall into a shaft and drop 2 floors!
  2564 | D:5      | Entered Level 5 of the Dungeon
  2655 | D:4      | Reached skill level 5 in Fighting
  2655 | D:4      | Reached skill level 5 in Shields
  2742 | D:4      | Noticed an ogre
  2750 | D:4      | Killed an ogre
  2751 | D:4      | Reached XP level 6. HP: 56/56 MP: 5/5
  2904 | D:4      | Found Wefes's Antique Armour Boutique.
  3538 | D:4      | Found a staircase to the Ecumenical Temple.
  3568 | Temple   | Entered the Ecumenical Temple
  3635 | Temple   | Became a worshipper of Warmaster Okawaru
  4003 | D:5      | Found Cillirgh's Jewellery Boutique.
  4096 | D:5      | Reached skill level 5 in Long Blades
  4096 | D:5      | Reached XP level 7. HP: 14/62 MP: 6/6
  5088 | D:5      | Identified the +4 dagger "Zoneuxy" {spect, +Blink rElec
                  | Str+2}
  5755 | D:6      | Reached * piety under Okawaru
  5756 | D:6      | Reached XP level 8. HP: 36/71 MP: 7/7
  5773 | D:6      | HP: 3/71 [orc/+0 mace (5)]
  5778 | D:6      | HP: 3/71 [black bear (7)]
  5778 | D:6      | Mangled by a gnoll

Illustrated notes

Levels and vault maps discovered:
D:1:      saegor_arrival_simple_b, layout_basic, serial_bayou_crossing
D:2:      layout_basic, ebering_ecumenical_altar_box, basic_altar, serial_shops,
          nicolae_shop_advertising_works [nicolae_subvault_shop_adworks], shop,
          nicolae_shop_window_shopping, nicolae_shop_crystal,
          corexii_hall_statues_l, kennysheep_generic_room_9, uniq_terence
D:3:      layout_rooms
D:4:      layout_cave_pools, minmay_temple_entry_arrows, serial_shops,
          nicolae_shop_temple_entry_statues_fountains,
          nicolae_figureground_sparkle
D:5:      layout_loops_ring, serial_shops, shop, lemuel_flame_loot_1
D:6:      layout_rooms, cheibrodos_sewer_entry_sluice, st_stairs_5
Temple:   nicolae_temple_two_arcs

Skill      XL: |  1  2  3  4  5  6  7 |
---------------+----------------------+-----
Fighting       | 4 5 6 |  6.7
Armour         | 4 5 6 |  6.8
Shields        | 4 5 6 |  6.7
Long Blades    | 3 4 5 6 |  6.1

Action                   |  1- 3 |  4- 6 |  7- 9 || total
-------------------------+-------+-------+-------++-------
Melee: Long sword        |    94 |   136 |    85 ||   315
       Headbutt          |    13 |    23 |    18 ||    54
  Use: Scroll            |     3 |     3 |     8 ||    14
       Potion            |       |     1 |     2 ||     3
Armor: Scale mail        |    41 |    68 |    32 ||   141
Dodge: Dodged            |    55 |    58 |    43 ||   156
Block: Buckler           |    38 |   106 |    83 ||   227
       Reflection        |       |     3 |       ||     3
